Match 43786540
Unlisted

Match 43786540
End
Selects Airborne Battlegroup
Selects Pathfinders
Pathfinder Squad
Construct Weapon Support Center
Sniper
Bazooka Squad
M1919 Machine Gun Team
Infantry Support Center
Construct Motor Pool
M3 Armored Personnel Carrier
Selects Paratrooper Squad Paradrop
Paratrooper Squad Paradrop
Construct Tank Depot
M4(105) Sherman Bulldozer
Selects Recon Loiter
Selects Supply Drop
Selects Anti-tank Gun Team Paradrop
Recon Loiter
Engineer Squad
M18 Hellcat Tank Destroyer
M4(105) Sherman Bulldozer
Recon Loiter
Paratrooper Squad Paradrop
M18 Hellcat Tank Destroyer
Recon Loiter
Selects Carpet Bombing Run
M18 Hellcat Tank Destroyer
Recon Loiter
Engineer Squad
Recon Loiter
M4(105) Sherman Bulldozer
Advanced Logistics
Recon Loiter
hop.lalai.laaa
kya100789
UnhingedRizzler
Alniroza
anioki
abraham98523
0
0

Comments sign in to comment!

No comments posted yet!